 Dungeon Crawl Stone Soup version 0.30-a0-304-gdc4b735fe1 (webtiles) character file.

Game seed: 6100516084888112934

382 treertat the Sneak (level 7, -2/43 HPs)
             Began as a Kobold Brigand on Oct 20, 2022.
             Was a Priest of Dithmenos.
             Splashed by a jelly's acid (5 damage)
             ... on level 4 of the Dungeon.
             The game lasted 00:13:43 (3380 turns).

treertat the Sneak (Kobold Brigand)                 Turns: 3380, Time: 00:13:44

Health: -2/43      AC: -8    Str:  8    XL:     7   Next: 5%
Magic:  7/7        EV: 14    Int: 17    God:    Dithmenos [***...]
Gold:   151        SH:  0    Dex: 19    Spells: 6/6 levels left

rFire   . . .      SeeInvis .    g - +4 dagger "Morg" {pain, Will+ Int+5}
rCold   . . .      Faith    .    (no shield)
rNeg    . . .      Spirit   .    q - +0 leather armour
rPois   .          Reflect  .    (no helmet)
rElec   .          Harm     .    c - +0 cloak
rCorr   .          Rampage  .    (no gloves)
Will    +....                    (no boots)
Stlth   ++++++....               (no amulet)
HPRegen 0.27/turn                (no ring)
MPRegen 0.10/turn                (no ring)

@: mighty, corroded, wreathed by umbra
A: small, no large weapons, nightstalker 3
a: Renounce Religion, Shadow Step


You were on level 4 of the Dungeon.
You worshipped Dithmenos.
Dithmenos was most pleased with you.
You visited 1 branch of the dungeon, and saw 4 of its levels.
You also visited: Sewer.

You collected 151 gold pieces.

Inventory:

Hand Weapons
 a - a +2 dagger of flaming
 b - a +0 short sword of protection
 g - the +4 dagger "Morg" (weapon) {pain, Will+ Int+5}
   (You found it on level 3 of the Dungeon)

   In the hands of one skilled in necromantic magic, it inflicts extra damage on
   living creatures.
   Int:       It affects your intelligence (+5).
   Will:      It increases your willpower.
Missiles
 d - 25 poisoned darts (quivered)
 e - 3 curare-tipped darts
Armour
 c - a +0 cloak (worn)
 o - a +0 robe
 q - a +0 leather armour (worn)
Scrolls
 i - a scroll of blinking
 j - a scroll of magic mapping {unknown}
 n - a scroll of teleportation
Potions
 f - 3 potions of might
 h - a potion of resistance {unknown}
 k - 3 potions of magic {unknown}
 l - 2 potions of curing {unknown}
 m - 3 potions of mutation {unknown}
 p - a potion of haste
 r - a potion of invisibility
 s - 2 potions of heal wounds {unknown}
 t - a potion of cancellation {unknown}


   Skills:
 + Level 4.0 Fighting
 * Level 6.5 Short Blades
 - Level 2.1 Throwing
 - Level 2.3 Dodging
 + Level 7.0 Stealth


You had 6 spell levels left.
You didn't know any spells.
Your spell library contained the following spells:

 Spells                   Type           Power      Damage    Failure   Level
 Animate Dead             Necr           0%         N/A       98%         4
 Haunt                    Necr/Summ      0%         N/A       100%        7
 Infestation              Necr           0%         N/A       100%        8


Dungeon Overview and Level Annotations

Branches:
Dungeon (4/15)              Sewer (visited)
 Temple: D:4-7

Altars:
Cheibriados
Dithmenos
Hepliaklqana
Nemelex Xobeh


Innate Abilities, Weirdness & Mutations

You are small and have problems with some larger weapons.
You are completely attuned to the shadows.


Message History

You start resting.
You flicker for a moment.
You start resting.
You flicker back into view.
You start resting.
HP restored.
You now have 151 gold pieces (gained 4).
There is an escape hatch in the floor here.
Found a stone staircase leading up.
There is a stone staircase leading up here.
A jelly comes into view.
Found 17 gold pieces.
The jelly hits you.
You are splashed with acid!
You hit the jelly. The acid corrodes you!
Your hands burn!
The jelly is moderately wounded.
The jelly hits you. The acid corrodes you!
You are splashed with acid!
You barely miss the jelly.
The jelly is moderately wounded.
You hit the jelly but do no damage.
Your hands burn!
The jelly is moderately wounded.
The jelly closely misses you.
You hit the jelly but do no damage. The acid corrodes you!
Your hands burn!
The jelly is moderately wounded.
The jelly completely misses you.
There is a stone staircase leading up here.
The jelly attacks as you move away! The jelly closely misses you.
The jelly attacks as you move away! The jelly hits you.
You are splashed with acid!
* * * LOW HITPOINT WARNING * * *
You hit the jelly.
Your hands burn!
* * * LOW HITPOINT WARNING * * *
The jelly is heavily wounded.
You hit the jelly but do no damage.
Your hands burn!
* * * LOW HITPOINT WARNING * * *
The jelly is heavily wounded.
The jelly misses you.
It was a potion of might.
You feel very mighty all of a sudden. The jelly barely misses you.
You hit the jelly.
Your hands burn!
You die...

....>.......#
............#
............#
............# #.
............# ##.
............# #..
...........##
.#..###########.#
.......<.J@...#.#
#..#.####.##....#
.. #......#....##
$ #####..#.##.#
#....##.#
#.......#
#########


You could see a jelly.

Vanquished Creatures
  A scorpion (D:2)
  A jelly (D:4)
  Terence (D:3)
  Natasha (twice) (D:3)
  An orc wizard (D:4)
  A hound skeleton (D:3)
  6 adders
  A hound simulacrum (D:3)
  A shadow imp (D:3)
  An adder zombie (D:3)
  An adder skeleton (D:3)
  4 worms
  A dart slug (D:1)
  3 orcs (D:4)
  7 ball pythons
  9 bats
  10 endoplasms
  9 giant cockroaches
  6 goblins
  5 hobgoblins
  4 quokkas
  A ball python skeleton (D:3)
  4 frilled lizards (D:2)
  18 kobolds
  A quokka zombie (D:3)
  4 rats
103 creatures vanquished.

Vanquished Creatures (others)
  A fungus (Sewer)
  2 plants (Sewer)
  11 withered plants (D:3)
14 creatures vanquished.

Grand Total: 117 creatures vanquished

Notes
Turn   | Place    | Note
-------+----------+-------------------------------------------
     0 | D:1      | treertat the Kobold Brigand began the quest for the Orb.
     0 | D:1      | Reached XP level 1. HP: 12/12 MP: 1/1
    57 | D:1      | Found a faded altar of an unknown god.
    82 | D:1      | Prayed at the altar of an unknown god.
    82 | D:1      | Became a worshipper of Dithmenos the Shadowed
    82 | D:1      | Reached * piety under Dithmenos
   272 | D:1      | Reached XP level 2. HP: 18/18 MP: 2/2
   694 | D:2      | Reached XP level 3. HP: 22/22 MP: 3/3
   965 | D:2      | Reached ** piety under Dithmenos
  1003 | D:2      | Reached XP level 4. HP: 27/27 MP: 4/4
  1434 | D:3      | Noticed a scorpion
  1450 | D:2      | Killed a scorpion
  1451 | D:2      | Reached skill level 6 in Stealth
  1451 | D:2      | Reached XP level 5. HP: 31/32 MP: 5/5
  1455 | D:3      | Reached skill level 5 in Short Blades
  1566 | D:3      | Noticed Terence
  1570 | D:3      | Killed Terence
  1650 | D:3      | Found a glowing drain.
  1676 | Sewer    | Entered a sewer
  1738 | Sewer    | Reached XP level 6. HP: 37/37 MP: 6/6
  2327 | D:3      | Found a snail-covered altar of Cheibriados.
  2333 | D:3      | Found a hazy altar of Hepliaklqana.
  2339 | D:3      | Found a sparkling altar of Nemelex Xobeh.
  2711 | D:3      | Noticed Natasha
  2712 | D:3      | Found the +4 dagger "Morg" {pain, Will+ Int+5}
  2740 | D:3      | Killed Natasha
  2762 | D:3      | Reached *** piety under Dithmenos
  2897 | D:3      | Noticed Natasha
  2910 | D:3      | Killed Natasha
  3190 | D:4      | Reached skill level 7 in Stealth
  3217 | D:4      | Reached XP level 7. HP: 14/43 MP: 7/7
  3380 | D:4      | Splashed by a jelly's acid

Illustrated notes

Levels and vault maps discovered:
D:1:      tarquinn_simple_flora_water_c, layout_loops_ring,
          hellmonk_ecumenical_altar_pennies_from_heaven
D:2:      layout_basic
D:3:      layout_basic, minmay_overflow_temple_star_quad, portal_sewer_entry_f,
          st_stairs_14, dilly_guarded_unrand_morg, uniq_terence
D:4:      layout_basic

Skill      XL: |  1  2  3  4  5  6 |
---------------+-------------------+-----
Short Blades   | 3 4 5 6 |  6.5
Dodging        | 2 |  2.3
Fighting       | 3 4 |  4.0
Stealth        | 6 7 |  7.0
Throwing       | |  2.1

Action                   |  1- 3 |  4- 6 |  7- 9 || total
-------------------------+-------+-------+-------++-------
Melee: Dagger            |    67 |   162 |     7 ||   236
       Punch             |       |     5 |       ||     5
       Short sword       |       |    61 |       ||    61
  Use: Scroll            |       |    10 |       ||    10
       Potion            |       |     2 |     1 ||     3
 Stab: Sleeping          |    17 |    34 |       ||    51
       Invisible         |       |     7 |       ||     7
Armor: Robe              |     8 |    31 |       ||    39
       Leather armour    |       |     2 |       ||     2
Dodge: Dodged            |    22 |   155 |     5 ||   182

Table legend: (Time is in decaauts)
 A = Elapsed time spent in this place.
 B = Non-inter-level travel time spent in this place.
 C = Inter-level travel time spent in this place.
 D = Time resting spent in this place.
 E = Time spent auto-exploring this place.
 F = Levels seen in this place.
 G = Mean time per level.
                   A        B        C        D        E       F      G
               +--------+--------+--------+--------+--------+-----+--------+
         Total |   3305 |   3247 |     58 |    182 |   2247 |   5 |  661.0 |
       Dungeon |   2842 |   2784 |     58 |    143 |   2040 |   4 |  710.5 |
         Sewer |    462 |    462 |      0 |     39 |    206 |   1 |  462.0 |
               +--------+--------+--------+--------+--------+-----+--------+

Top non-repeatable levels by time:
     D:3: 1045 daAuts
     D:2: 719 daAuts
     D:1: 676 daAuts
   Sewer: 462 daAuts
     D:4: 401 daAuts
